 Dungeon Crawl Stone Soup version 0.29-a0-409-gd843f3a (webtiles) character file.

Game seed: 10545037808157946759

65 Illumine the Chopper (level 3, -1/31 HPs)
             Began as a Minotaur Gladiator on May 13, 2022.
             Slain by a gnoll
             ... wielding a +0 spear
              (6 damage)
             ... on level 2 of the Dungeon.
             The game lasted 00:00:50 (1054 turns).

Illumine the Chopper (Minotaur Gladiator)           Turns: 1054, Time: 00:00:50

Health: -1/31      AC:  3    Str: 18    XL:     3   Next: 92%
Magic:  2/2        EV: 12    Int:  5    God:
Gold:   50         SH:  0    Dex: 13    Spells: 2/2 levels left

rFire   . . .      SeeInvis .   a - +0 war axe
rCold   . . .      Faith    .   (no shield)
rNeg    . . .      Spirit   .   b - +0 leather armour
rPois   .          Reflect  .   c - +0 hat
rElec   .          Harm     .   (no cloak)
rCorr   .          Rampage  .   (no gloves)
Will    .....                   (no boots)
Stlth   +.........              (no amulet)
HPRegen 0.10/turn               (no ring)
MPRegen 0.08/turn               (no ring)

@: no status effects
A: horns 2, retaliatory headbutt
a: no special abilities


You were on level 2 of the Dungeon.
You visited 1 branch of the dungeon, and saw 2 of its levels.

You collected 50 gold pieces.

Inventory:

Hand Weapons
 a - a +0 war axe (weapon)
Missiles
 d - 3 throwing nets (quivered)
 e - a javelin
Armour
 b - a +0 leather armour (worn)
 c - a +0 hat (worn)
Scrolls
 g - a scroll of fog {unknown}
 h - a scroll of summoning {unknown}
 i - a scroll of vulnerability {unknown}
 j - a scroll of identify {unknown}
Potions
 f - a potion of flight {unknown}


   Skills:
 + Level 3.3 Fighting
 * Level 4.9 Axes
 - Level 2.0 Throwing
 + Level 1.9 Armour
 - Level 3.2 Dodging


You had 2 spell levels left.
You didn't know any spells.
Your spell library contained the following spells:

 Spells                   Type           Power      Damage    Failure   Level
 Blink                    Tloc           0%         N/A       67%         2
 Lesser Beckoning         Tloc           0%         N/A       88%         3
 Manifold Assault         Tloc           0%         N/A       100%        5


Dungeon Overview and Level Annotations

Branches:
Dungeon (2/15)

Altars:


Innate Abilities, Weirdness & Mutations

You have a pair of horns on your head.
You reflexively headbutt those who attack you in melee.


Message History

Unknown command.
You slash the gnoll!
The gnoll is severely wounded.
The gnoll hits you from afar with a +0 spear.
You closely miss the gnoll.
The gnoll is severely wounded.
You slash the endoplasm!
You kill the endoplasm!
The gnoll closely misses you.
The gnoll hits you from afar with a +0 spear.
The gnoll misses you. You furiously retaliate!
You headbutt the gnoll, but do no damage.
The gnoll closely misses you. The quokka barely misses you.
You furiously retaliate!
You headbutt the quokka!
You kill the quokka!
The gnoll misses you.
You are too injured to fight recklessly!
Unknown command.
You are too injured to fight recklessly!
You are too injured to fight recklessly!
You are too injured to fight recklessly!
The gnoll hits you with a +0 whip.
* * * LOW HITPOINT WARNING * * *
The gnoll hits you but does no damage.
You hit the gnoll.
The gnoll is lightly wounded.
You completely miss the gnoll. The gnoll misses you.
The gnoll hits you with a +0 spear.
* * * LOW HITPOINT WARNING * * *
Unknown command.
You barely miss the gnoll. You punch the gnoll.
The gnoll is moderately wounded.
You closely miss the gnoll. The gnoll barely misses you.
The gnoll hits you but does no damage.
You hit the gnoll but do no damage.
The gnoll is moderately wounded.
You closely miss the gnoll.
A goblin comes into view. It is wielding a +0 dagger.
The gnoll hits you with a +0 spear.
You die...

.. ###.#+ ....#.
...... #...##
#..###############
#.............†..#
#..#############.#
#g@..............#
#g#.#####...#######
..r ... +.....[....
#.## ..##
#....###### ).. ..#
####.(. #g# ...
#.### ... .#.# #.#
.. ##.. #.# ...


You could see 2 gnolls, a goblin (wandering) and a rat.

Vanquished Creatures
  A gnoll (D:2)
  2 adders (D:2)
  4 dart slugs (D:1)
  3 ball pythons (D:1)
  4 endoplasms
  A goblin (D:1)
  3 hobgoblins
  3 jackals (D:1)
  A quokka (D:2)
  A bat (D:1)
  A frilled lizard (D:1)
  A kobold (D:1)
  5 rats
30 creatures vanquished.

Notes
Turn   | Place    | Note
-------+----------+-------------------------------------------
     0 | D:1      | Illumine the Minotaur Gladiator began the quest for the
                  | Orb.
     0 | D:1      | Reached XP level 1. HP: 18/18 MP: 0/0
    44 | D:1      | Reached skill level 4 in Axes
   255 | D:1      | Reached XP level 2. HP: 24/25 MP: 1/1
   482 | D:1      | Reached skill level 1 in Armour
   681 | D:1      | Reached XP level 3. HP: 29/31 MP: 2/2
   900 | D:1      | Found a faded altar of an unknown god.
  1054 | D:2      | Slain by a gnoll

Illustrated notes

Levels and vault maps discovered:
D:1:      minmay_arrival_wavy_path, layout_loops_ring,
          hellmonk_ecumenical_altar_arch_garden, minmay_pentomino_x2
D:2:      layout_basic, uniq_jessica

Skill      XL: |  1  2 |
---------------+-------+-----
Axes           | 4 |  4.9
Armour         | 1 |  1.9
Fighting       | 3 |  3.3
Throwing       | |  2.0
Dodging        | |  3.2

Action                   || total
-------------------------++-------
Melee: War axe           ||    59
       Headbutt          ||    10
       Punch             ||     2
 Stab: Sleeping          ||     2
Armor: Leather armour    ||    13
Dodge: Dodged            ||    35

Table legend: (Time is in decaauts)
 A = Elapsed time spent in this place.
 B = Non-inter-level travel time spent in this place.
 C = Inter-level travel time spent in this place.
 D = Time resting spent in this place.
 E = Time spent auto-exploring this place.
 F = Levels seen in this place.
 G = Mean time per level.
                   A        B        C        D        E       F      G
               +--------+--------+--------+--------+--------+-----+--------+
         Total |   1070 |   1058 |     12 |      0 |    894 |   2 |  535.0 |
       Dungeon |   1070 |   1058 |     12 |      0 |    894 |   2 |  535.0 |
               +--------+--------+--------+--------+--------+-----+--------+

Top non-repeatable levels by time:
     D:1: 1002 daAuts
     D:2: 67 daAuts
